 Dungeon Crawl Stone Soup version 0.31-a0-845-g9abc20d24f (webtiles) character file.

Game seed: 7221102827495221314

1663 Flugkiller the Frost Mage (level 9, -2/67 HPs)
             Began as a Formicid Ice Elementalist on Oct 3, 2023.
             Was an Initiate of Gozag.
             Slain by a wight
             ... wielding a +3 battleaxe
              (17 damage)
             ... on level 6 of the Dungeon.
             The game lasted 00:05:59 (5249 turns).

Flugkiller the Frost Mage (FoIE)                    Turns: 5249, Time: 00:06:00

Health: -2/67      AC: 11    Str: 21    XL:     9   Next: 20%
Magic:  7/19       EV: 11    Int: 17    God:    Gozag
Gold:   349        SH:  0    Dex: 14    Spells: 11/22 levels left

rFire   . . .        g - +4 trident
rCold   . . .        (no shield)
rNeg    . . .        e - +0 ring mail
rPois   .            (helmet unavailable)
rElec   .            (no cloak)
rCorr   .            w - +1 pair of gloves
SInv    +            (no boots)
Will    .....        (no amulet)
Stlth   +            p - +4 ring of protection
HPRegen 0.31/turn    o - +6 ring of strength
MPRegen 0.16/turn

%: no passive effects
@: no status effects
A: permanent stasis, dig shafts and tunnels, antennae 3, four strong arms,
robust 1, subdued magic 1
a: Dig, Shaft Self, Renounce Religion, Potion Petition, Call Merchant, Bribe
Branch


You were on level 6 of the Dungeon.
You worshipped Gozag.
Gozag was aware of your devotion.
You visited 1 branch of the dungeon, and saw 6 of its levels.

You collected 419 gold pieces.
You paid 70 gold pieces to Gozag.

Inventory:

Hand Weapons
 g - a +4 trident (weapon)
   (You found it on level 1 of the Dungeon)
Missiles
 y - 2 throwing nets
Armour
 a - a +0 robe
 e - a +0 ring mail (worn)
   (You found it on level 1 of the Dungeon)
 w - a +1 pair of gloves (worn)
   (You found it on level 4 of the Dungeon)
Jewellery
 c - a ring of protection from cold
   (You found it on level 4 of the Dungeon)
 h - a +6 ring of dexterity
   (You found it on level 4 of the Dungeon)
 m - a ring of willpower
   (You found it on level 1 of the Dungeon)
 o - a +6 ring of strength (right hand)
   (You found it on level 2 of the Dungeon)
 p - a +4 ring of protection (left hand)
   (You found it on level 3 of the Dungeon)
 u - a ring of wizardry
   (You found it on level 4 of the Dungeon)
Wands
 x - a wand of flame (20)
   (You took it off Terence on level 3 of the Dungeon)
Scrolls
 d - a scroll of fog
 f - a scroll of blinking {unknown}
 k - a scroll of summoning {unknown}
 q - a scroll of torment {unknown}
 v - a scroll of revelation {unknown}
 A - a scroll of brand weapon {unknown}
Potions
 b - a potion of magic
 i - a potion of cancellation {unknown}
 j - a potion of ambrosia {unknown}
 n - 2 potions of resistance
 s - a potion of attraction {unknown}
 t - a potion of curing {unknown}
 z - 2 potions of enlightenment {unknown}


   Skills:
 - Level 2.0 Fighting
 - Level 1.7 Dodging
 - Level 2.4 Stealth
 - Level 7.0 Spellcasting
 + Level 3.5 Summonings
 * Level 8.8 Ice Magic


You had 11 spell levels left.
You knew the following spells:

 Your Spells              Type           Power      Damage    Failure   Level
a - Freeze                Ice            100%       1d10      1%          1
b - Frozen Ramparts       Ice            54%        1d9       1%          3
c - Ozocubu's Armour      Ice            27%        N/A       1%          3
d - Summon Ice Beast      Ice/Summ       20%        N/A       13%         4

Your spell library contained the following spells:

 Spells                   Type           Power      Damage    Failure   Level


Dungeon Overview and Level Annotations

Branches:
Dungeon (6/15) Zot: 26832  Temple (0/1) D:6

Altars:
Gozag
Xom
Yredelemnul

Shops:
D:5 *=(

Annotations:
D:4 exclusion: wyvern


Innate Abilities, Weirdness & Mutations

You cannot be hasted, slowed, berserked, paralysed or teleported.
You can dig through walls and to a lower floor.
You have a pair of large antennae on your head. (SInv)
Your four strong arms can wield two-handed weapons with a shield.
You are robust. (+10% HP)
Your spells are a little easier to cast, but a little less powerful.


Message History

You are very lightly contaminated with residual magic.
You shiver with cold.
Casting: Summon Ice Beast (dangerous; 13% risk of failure)
Confirm with . or Enter, or press ? or * to list all spells.
A chill wind blows around you.
You hit the adder.
The adder is heavily wounded.
The adder bites you. The adder closely misses you.
Your ice beast hits the adder.
Your ice beast freezes the adder.
The adder seems to slow down.
The adder dies!
No target in view!
You now have 341 gold pieces (gained 7).
No target in view!
You now have 349 gold pieces (gained 8).
Your magical contamination has completely faded away.
Found a stone staircase leading down.
HP restored.
Your ice beast disappears in a puff of smoke!
There is a stone staircase leading down here.
Found a staircase to the Ecumenical Temple.
You sense a monster nearby.
Unknown command.
A wight comes into view. It is wielding a +0 hand axe.
A wight comes into view.
It is wielding a +3 battleaxe and wearing a +2 robe of willpower.
Found a bloodstained chain mail.
A wight comes into view. It is wielding a +1 battleaxe.
Casting: Summon Ice Beast (dangerous; 13% risk of failure)
Confirm with . or Enter, or press ? or * to list all spells.
A film of ice covers your body!
Casting: Ozocubu's Armour (safe; 1% risk of failure)
Confirm with . or Enter, or press ? or * to list all spells.
You miscast Summon Ice Beast.
You are very lightly contaminated with residual magic.
Nothing appears to happen.
The wight hits you with a +0 hand axe.
You feel drained.
Casting: Summon Ice Beast (dangerous; 13% risk of failure)
Confirm with . or Enter, or press ? or * to list all spells.
A chill wind blows around you. The wight barely misses you.
The wight hits your ice beast but does no damage.
You puncture the wight! Your punch misses the wight.
The wight is almost destroyed.
The wight hits your ice beast with a +3 battleaxe!
The wight hits you but does no damage.
The wight closely misses your ice beast.
Your ice beast hits the wight but does no damage.
You hit the wight.
You destroy the wight!
The wight closely misses your ice beast.
Your ice beast hits the wight but does no damage.
The wight hits your ice beast with a +3 battleaxe!!
Your ice beast dies!
Your ice beast disappears in a puff of smoke!
Your life force feels restored.
Training target 7.0 for Spellcasting reached!
Your Spellcasting skill increases to level 7!
Unknown command.
Casting: Summon Ice Beast (dangerous; 13% risk of failure)
Confirm with . or Enter, or press ? or * to list all spells.
A chill wind blows around you.
The wight is distracted by your dazzling golden aura.
Your icy armour cracks and falls away as you move.
Unknown command.
Your magical contamination has completely faded away.
Your ice beast barely misses the wight.
The wight closely misses your ice beast.
Your ice beast hits the wight but does no damage.
Your ice beast misses the wight.
Your ice beast barely misses the wight.
The wight hits your ice beast with a +1 battleaxe!
Your ice beast hits the wight but does no damage.
There is an open door here.
There is an open door here.
There is a stone staircase leading down here.
There is an open door here.
There is a stone staircase leading up here.
Casting: Summon Ice Beast (dangerous; 13% risk of failure)
Confirm with . or Enter, or press ? or * to list all spells.
A chill wind blows around you.
Your ice beast hits the wight but does no damage.
You hit the wight.
The wight is lightly damaged.
The wight hits you with a +3 battleaxe!
The wight closely misses your ice beast.
Your ice beast barely misses the wight.
You hit the wight.
The wight is lightly damaged.
The wight hits you but does no damage.
The wight hits your ice beast with a +3 battleaxe!
Your ice beast barely misses the wight.
The wight hits you with a +3 battleaxe!
The wight hits your ice beast but does no damage.
Your ice beast barely misses the wight.
The wight attacks as it pursues you! The wight hits you with a +1 battleaxe!
Your ice beast hits the wight but does no damage.
The wight attacks as it pursues you! The wight hits you with a +1 battleaxe.
The wight attacks as it pursues you! The wight hits you with a +3 battleaxe!
* * * LOW HITPOINT WARNING * * *
The wight attacks as it pursues you! The wight hits you with a +3 battleaxe!
You die...
Your body crumbles into a pile of gold.

### #...# #.#.#
#.#.# #.#.# ##
#.#.# .. #.#.#
#.##@#.#
#.#.z#'########
#.#.z.........)
#.#Y<..........
#.#............
#..............
####'#'########
########.#...#
.........###.#


You could see 2 wights and a friendly ice beast (summoned).

Vanquished Creatures
  A komodo dragon (D:5)
  Sigmund (D:3)
  Menkaure (D:5)
  2 black bears
  3 phantoms
  3 scorpions
  A wight (D:6)
  A jelly (D:5)
  An orc priest (D:5)
  A gnoll bouda (D:5)
  4 hounds
  3 iguanas
  A sleepcap (D:5)
  Terence (D:3)
  4 gnolls (D:5)
  7 adders
  4 dart slugs
  8 orcs
  6 endoplasms
  4 giant cockroaches
  4 goblins
  7 hobgoblins
  3 jackals (D:5)
  4 kobolds
  3 quokkas
  4 ball pythons
  9 bats
  3 frilled lizards
94 creatures vanquished.

Vanquished Creatures (collateral kills)
  An adder (D:6)
1 creature vanquished.

Grand Total: 95 creatures vanquished

Notes
Turn   | Place    | Note
-------+----------+-------------------------------------------
     0 | D:1      | Flugkiller the Formicid Ice Elementalist began the quest
                  | for the Orb.
     0 | D:1      | Reached XP level 1. HP: 13/13 MP: 3/3
   207 | D:1      | Reached XP level 2. HP: 20/20 MP: 3/5
   226 | D:1      | Reached skill level 1 in Fighting
   446 | D:1      | Reached XP level 3. HP: 26/26 MP: 4/6
   734 | D:2      | Learned a level 3 spell: Frozen Ramparts
  1087 | D:2      | Found a shimmering altar of Xom.
  1216 | D:2      | Reached XP level 4. HP: 29/33 MP: 5/8
  1632 | D:3      | Noticed Terence
  1660 | D:3      | Killed Terence
  1953 | D:3      | Noticed Sigmund
  1975 | D:3      | Killed Sigmund
  1976 | D:3      | Reached skill level 5 in Ice Magic
  1976 | D:3      | Reached XP level 5. HP: 16/38 MP: 1/11
  1976 | D:3      | Reached XP level 6. HP: 18/44 MP: 1/12
  2277 | D:3      | Found a basalt altar of Yredelemnul.
  2428 | D:4      | Noticed a wyvern
  2488 | D:4      | Reached skill level 5 in Spellcasting
  2488 | D:4      | Reached skill level 6 in Ice Magic
  2488 | D:4      | Reached XP level 7. HP: 23/50 MP: 5/14
  2830 | D:4      | Identified the +0 chain mail of the Orb Guardian {Harm
                  | Int+2 SInv}
  3409 | D:4      | Learned a level 3 spell: Ozocubu's Armour
  3414 | D:4      | Learned a level 4 spell: Summon Ice Beast
  3460 | D:5      | Entered Level 5 of the Dungeon
  3580 | D:5      | Reached skill level 1 in Summonings
  3580 | D:5      | Reached skill level 7 in Ice Magic
  3580 | D:5      | Reached XP level 8. HP: 31/56 MP: 11/16
  3692 | D:5      | Found an opulent altar of Gozag.
  3744 | D:5      | Became a worshipper of Gozag Ym Sagoz the Greedy
  3777 | D:5      | Noticed a komodo dragon
  3832 | D:5      | Gained mutation: You are robust. (+10% HP) [potion of
                  | mutation]
  3832 | D:5      | Gained mutation: Your spells are a little easier to cast,
                  | but a little less powerful. [potion of mutation]
  3833 | D:5      | HP: 2/61 [komodo dragon (14)]
  3837 | D:5      | Killed a komodo dragon
  4119 | D:5      | Reached skill level 8 in Ice Magic
  4184 | D:5      | Found Noshrefe's Assorted Antiques.
  4184 | D:5      | Found Fiyxejuo's Jewellery Emporium.
  4186 | D:5      | Found Reur's Weapon Emporium.
  4406 | D:5      | Reached XP level 9. HP: 56/67 MP: 17/19
  4521 | D:5      | Noticed Menkaure
  4534 | D:5      | Killed Menkaure
  5180 | D:6      | Found a staircase to the Ecumenical Temple.
  5249 | D:6      | Slain by a wight

Illustrated notes

Levels and vault maps discovered:
D:1:      arrival_zaba_pyramid, layout_basic, minmay_fountain_box
D:2:      layout_loops_ring, basic_altar, minmay_tetromino_i4
D:3:      layout_loops_ring, lemuel_doored_altar, kennysheep_generic_room_13,
          uniq_sigmund, uniq_terence
D:4:      layout_loops_ring
D:5:      minmay_chambers_of_fours, layout_gridville,
          nicolae_gozag_seed_capital, nicolae_shop_distant_corner_stores,
          uniq_menkaure
D:6:      layout_basic, minmay_temple_entry_crystal_x, corexii_hall_statues_i

Skill      XL: |  1  2  3  4  5  6  7  8  9 |
---------------+----------------------------+-----
Fighting       | 1 2 |  2.0
Spellcasting   | 4 5 6 7 |  7.0
Ice Magic      | 5 6 7 8 |  8.8
Summonings     | 1 3 |  3.5
Dodging        | |  1.7
Stealth        | |  2.4

Action                     |  1- 3 |  4- 6 |  7- 9 || total
---------------------------+-------+-------+-------++-------
  Melee: Trident           |    39 |    53 |   102 ||   194
         Punch             |       |     1 |       ||     1
   Cast: Freeze            |    16 |     6 |    31 ||    53
         Frozen Ramparts   |       |     7 |    16 ||    23
         Ozocubu's Armour  |       |       |     3 ||     3
         Summon Ice Beast  |       |       |     4 ||     4
  Evoke: Wand              |       |       |     1 ||     1
    Use: Scroll            |       |     2 |     5 ||     7
         Potion            |       |       |     1 ||     1
   Stab: Sleeping          |     5 |     1 |     4 ||    10
 Armour: Robe              |    18 |    32 |    86 ||   136
         Ring mail         |       |       |    10 ||    10
  Dodge: Dodged            |    33 |    45 |    80 ||   158

Table legend: (Time is in decaauts)
 A = Elapsed time spent in this place.
 B = Non-inter-level travel time spent in this place.
 C = Inter-level travel time spent in this place.
 D = Time resting spent in this place.
 E = Time spent auto-exploring this place.
 F = Levels seen in this place.
 G = Mean time per level.
                   A        B        C        D        E       F      G
               +--------+--------+--------+--------+--------+-----+--------+
         Total |   5303 |   5130 |    173 |   1096 |   2994 |   6 |  883.8 |
       Dungeon |   5303 |   5130 |    173 |   1096 |   2994 |   6 |  883.8 |
               +--------+--------+--------+--------+--------+-----+--------+

Top non-repeatable levels by time:
     D:5: 1640 daAuts
     D:4: 1060 daAuts
     D:2: 940 daAuts
     D:3: 842 daAuts
     D:1: 652 daAuts
     D:6: 166 daAuts
